 Dungeon Crawl Stone Soup version 0.15.0-14-g6bbbb5c (webtiles) character file.

93 DrPain the Cudgeler (level 4, 0/39 HPs)
             Began as a Minotaur Berserker on Sept 5, 2014.
             Was a Priest of Trog.
             Killed by divine providence
             ... invoked by an orc priest
              (12 damage)
             ... on Level 3 of the Dungeon.
             The game lasted 00:03:07 (1281 turns).

DrPain the Cudgeler (Minotaur Berserker)            Turns: 1281, Time: 00:03:07

HP   0/39        AC  2     Str 22      XL: 4   Next: 36%
MP   2/2         EV 12     Int  4      God: Trog [***...]
Gold 27          SH  0     Dex 10      Spells:  0 memorised,  3 levels left

rFire  . . .     SeeInvis .     a - +0 mace
rCold  . . .     Clarity  .     b - +0 animal skin
rNeg   . . .     rCorr    .     (no shield)
rPois  .         rRot     .     (helmet restricted)
rElec  .         Spirit   .     (no cloak)
SustAb .         Warding  .     (no gloves)
rMut   .         Stasis   .     (no boots)
Gourm  .                        (no amulet)
MR     .....                    (no ring)
                                (no ring)

@: not resistant to hostile enchantments, very unstealthy
A: retaliatory headbutt, horns 2
a: Burn Spellbooks, Berserk, Trog's Hand, Renounce Religion


You were on level 3 of the Dungeon.
You worshipped Trog.
Trog was most pleased with you.
You were not hungry.

You visited 1 branch of the dungeon, and saw 3 of its levels.

You collected 27 gold pieces.

Inventory:

Hand weapons
 a - a +0 mace (weapon)
Missiles
 k - 122 stones (quivered)
 r - 27 sling bullets
Armour
 b - a +0 animal skin (worn)
Comestibles
 c - a bread ration
 j - a meat ration
 n - 2 rotting chunks of jackal flesh
Scrolls
 e - 3 scrolls of remove curse {unknown}
 f - 4 scrolls of identify {unknown}
 g - 2 scrolls of amnesia {unknown}
 h - a scroll of teleportation {unknown}
 i - a scroll of fear {unknown}
 p - a scroll of enchant armour {unknown}
Jewellery
 q - a +5 ring of evasion {unknown}
Potions
 d - a potion of haste {unknown}
 m - a potion of brilliance {unknown}
 o - a potion of might {unknown}
 s - a potion of curing {unknown}


   Skills:
 - Level 3.6 Fighting
 + Level 6.3 Maces & Flails
 - Level 2.4 Armour
 - Level 2.1 Dodging


You had 3 spell levels left.
You didn't know any spells.

Dungeon Overview and Level Annotations

Branches:
Dungeon (3/15)

Altars:


Innate Abilities, Weirdness & Mutations

You reflexively headbutt those who attack you in melee.
You have a pair of horns on your head.


Message History

The orc barely misses you.
The orc priest invokes the aid of Beogh against you.
Something smites you!
Things that are here:
a short sword; an adder corpse You closely miss the orc.
You headbutt the orc.
The orc is almost dead.
The orc hits you but does no damage.
You barely miss the orc. Your headbutt misses the orc.
The orc is almost dead.
The orc completely misses you.
You closely miss the orc. You headbutt the orc, but do no damage.
The orc is almost dead.
The orc hits you but does no damage.
You sock the orc!
You kill the orc!
Trog accepts your kill.
The orc priest mumbles some strange prayers to Beogh against you.
Something smites you!
You die...

### #.. #.#
#o# #o#
#o####
#)##..
#@##.#
#.##.#
#.##.#
#.##.# #
#.##.####.#
#.........#
######.####
#.# #.#


You could see an orc priest and 2 orcs.

Vanquished Creatures
  Ijyb (D:2)
  2 adders (D:3)
  A giant mite (D:2)
  3 giant geckos
  2 orcs (D:3)
  6 giant cockroaches
  7 goblins
  2 hobgoblins (D:1)
  3 kobolds (D:1)
  5 bats
  3 giant newts
  7 jackals
  6 rats
48 creatures vanquished.

Notes
Turn   | Place    | Note
--------------------------------------------------------------
     0 | D:1      | DrPain, the Minotaur Berserker, began the quest for the Orb.
     0 | D:1      | Reached XP level 1. HP: 19/19 MP: 1/1
    96 | D:1      | Reached skill level 4 in Maces & Flails
   264 | D:1      | Reached XP level 2. HP: 23/26 MP: 1/1
   284 | D:1      | Acquired Trog's second power
   616 | D:1      | Reached skill level 5 in Maces & Flails
   763 | D:2      | Reached XP level 3. HP: 29/31 MP: 2/2
   795 | D:2      | Noticed Ijyb
   801 | D:2      | Killed Ijyb
   997 | D:2      | Reached XP level 4. HP: 33/39 MP: 2/2
  1234 | D:3      | Reached skill level 6 in Maces & Flails
  1281 | D:3      | Killed from afar by an orc priest

Action                   |  1- 3 |  4- 6 || total
-------------------------+-------+-------++-------
Melee: Mace              |    79 |    23 ||   102
Invok: Berserk           |     1 |       ||     1
  Eat: Beef jerky        |       |     1 ||     1
       Chunk             |       |     1 ||     1
